[ PARTIDA AOE2 · #508355089 ]
UnrankedMongoles vs Bohemians
Equipo del jugador · DERR
Equipo rival · VICT
[ ANÁLISIS DE REPETICIÓN · EXTRAÍDO DE LA PARTIDA GRABADA ]
Feudal
8:35
Castillos
22:46
Imperial
—
| APM promedio | 59.6 |
| APM pico | 110 |
| eAPM promedio | 21.9 |
| Aldeanos / militares | 102 / 39 |
Foco
⚔️ 25.4% · 🌾 74.6%
Archer ×28 · Militia ×6 · Mangonel ×5
Feudal
10:42
Castillos
22:45
Imperial
37:11
| APM promedio | 61.5 |
| APM pico | 106 |
| eAPM promedio | 26.3 |
| Aldeanos / militares | 117 / 28 |
Foco
⚔️ 20.2% · 🌾 79.8%
Archer ×16 · Mangonel ×4 · Spearman ×4 · Hand Cannoneer ×3 · Skirmisher ×1
Mapa de la partida
Recursos iniciales + cada clic de construcción. Líneas = muros · curvas = relieve. ◆ oro · ⬟ piedra · ● bayas · ✦ reliquia · ◌ hueco del cierre
Tu base· ✓ Cerrada en 22:46 · 4t muro · 3 puerta(s)
Base de [LAK] GGenaroAoE· ✓ Cerrada en 22:45 · 16t muro · 5 puerta(s)
Terreno inicial suavizado · ◌ = hueco del cierre detectado · pasá el cursor para detalles
Inputs por minuto
— Soloarqueros - - [LAK] GGenaroAoE
Build order — Soloarqueros
Primeras 150 de 249 acciones detectadas
| 0:00 | Encolar | Villager (Male) |
| 0:00 | Encolar | Villager (Male) |
| 0:01 | Encolar | Villager (Male) |
| 0:01 | Encolar | Villager (Male) |
| 0:02 | Construir | House |
| 0:04 | Construir | House |
| 1:24 | Encolar | Villager (Male) |
| 2:05 | Encolar | Villager (Male) |
| 2:14 | Construir | Lumber Camp |
| 2:21 | Encolar | Villager (Male) |
| 2:55 | Encolar | Villager (Male) |
| 3:05 | Encolar | Villager (Male) |
| 3:09 | Encolar | Villager (Male) |
| 3:47 | Encolar | Villager (Male) |
| 3:54 | Construir | House |
| 4:43 | Encolar | Villager (Male) |
| 4:47 | Encolar | Villager (Male) |
| 5:33 | Encolar | Villager (Male) |
| 5:36 | Construir | Barracks |
| 5:51 | Encolar | Villager (Male) |
| 6:25 | Investigar | Feudal Age |
| 6:43 | Encolar | Militia |
| 6:44 | Encolar | Militia |
| 6:51 | Construir | Mining Camp |
| 7:03 | Encolar | Militia |
| 7:09 | Construir | House |
| 8:13 | Construir | Mill |
| 8:14 | Encolar | Villager (Male) |
| 8:15 | Construir | House |
| 8:35 | Edad | Edad Feudal |
| 8:36 | Investigar | Man-at-Arms (upgrade) |
| 8:41 | Encolar | Villager (Male) |
| 8:51 | Encolar | Villager (Male) |
| 9:12 | Construir | Watch Tower |
| 9:31 | Encolar | Villager (Male) |
| 9:48 | Encolar | Villager (Male) |
| 9:52 | Construir | Farm |
| 10:43 | Construir | Mining Camp |
| 10:45 | Encolar | Villager (Male) |
| 10:53 | Encolar | Militia |
| 11:14 | Encolar | Villager (Male) |
| 11:19 | Encolar | Villager (Male) |
| 11:21 | Construir | Farm |
| 11:22 | Encolar | Militia |
| 11:58 | Construir | Palisade Wall |
| 11:59 | Construir | Palisade Wall |
| 12:06 | Encolar | Villager (Male) |
| 12:17 | Construir | Palisade Wall |
| 12:21 | Encolar | Villager (Male) |
| 12:22 | Encolar | Villager (Male) |
| 12:24 | Construir | House |
| 12:52 | Encolar | Villager (Male) |
| 13:02 | Construir | Farm |
| 13:03 | Construir | Farm |
| 13:04 | Encolar | Villager (Male) |
| 13:08 | Construir | Farm |
| 13:12 | Encolar | Villager (Male) |
| 13:28 | Construir | Watch Tower |
| 13:36 | Encolar | Villager (Male) |
| 13:38 | Construir | Farm |
| 13:47 | Construir | Farm |
| 13:58 | Encolar | Militia |
| 14:04 | Construir | Farm |
| 14:30 | Encolar | Villager (Male) |
| 15:03 | Construir | Mining Camp |
| 15:45 | Construir | House |
| 15:59 | Construir | House |
| 16:30 | Encolar | Villager (Male) |
| 16:31 | Encolar | Villager (Male) |
| 16:55 | Construir | Blacksmith |
| 17:06 | Encolar | Villager (Male) |
| 17:11 | Investigar | Double-Bit Axe |
| 17:53 | Construir | Archery Range |
| 17:54 | Encolar | Villager (Male) |
| 17:58 | Construir | Farm |
| 18:15 | Construir | Watch Tower |
| 18:17 | Encolar | Villager (Male) |
| 18:21 | Construir | Farm |
| 18:25 | Construir | Farm |
| 18:46 | Encolar | Villager (Male) |
| 18:58 | Construir | Palisade Wall |
| 19:06 | Construir | Outpost |
| 19:07 | Construir | Farm |
| 19:18 | Encolar | Villager (Male) |
| 19:21 | Construir | Farm |
| 19:27 | Construir | Market |
| 19:35 | Construir | Farm |
| 19:37 | Construir | Farm |
| 20:06 | Investigar | Castle Age |
| 20:17 | Construir | Archery Range |
| 20:18 | Encolar | Archer |
| 20:19 | Encolar | Archer |
| 20:28 | Encolar | Archer |
| 20:31 | Construir | Archery Range |
| 20:38 | Construir | Farm |
| 20:45 | Investigar | Horse Collar |
| 21:05 | Encolar | Archer |
| 21:12 | Investigar | Fletching |
| 21:15 | Encolar | Archer |
| 21:22 | Construir | House |
| 21:23 | Construir | House |
| 21:24 | Encolar | Archer |
| 21:36 | Investigar | Loom |
| 21:37 | Encolar | Archer |
| 21:39 | Investigar | Padded Archer Armor |
| 21:44 | Construir | House |
| 21:44 | Construir | House |
| 21:45 | Construir | House |
| 21:53 | Encolar | Archer |
| 22:11 | Encolar | Archer |
| 22:33 | Encolar | Archer |
| 22:46 | Edad | Edad de los Castillos |
| 22:51 | Construir | Siege Workshop |
| 22:53 | Investigar | Crossbowman (upgrade) |
| 22:54 | Encolar | Villager (Male) |
| 22:54 | Encolar | Villager (Male) |
| 22:58 | Encolar | Villager (Male) |
| 23:00 | Encolar | Archer |
| 23:03 | Encolar | Villager (Male) |
| 23:12 | Encolar | Archer |
| 23:21 | Construir | Farm |
| 23:27 | Encolar | Mangonel |
| 23:39 | Encolar | Villager (Male) |
| 23:48 | Construir | House |
| 23:52 | Encolar | Mangonel |
| 23:55 | Encolar | Villager (Male) |
| 24:23 | Encolar | Villager (Male) |
| 24:27 | Encolar | Archer |
| 24:28 | Encolar | Villager (Male) |
| 24:32 | Encolar | Villager (Male) |
| 24:33 | Encolar | Archer |
| 24:37 | Encolar | Villager (Male) |
| 24:40 | Construir | Mining Camp |
| 25:09 | Encolar | Villager (Male) |
| 25:13 | Encolar | Archer |
| 25:13 | Encolar | Archer |
| 25:27 | Investigar | Bodkin Arrow |
| 25:27 | Encolar | Villager (Male) |
| 25:41 | Encolar | Mangonel |
| 25:43 | Encolar | Archer |
| 25:44 | Encolar | Villager (Male) |
| 25:59 | Encolar | Archer |
| 26:04 | Encolar | Villager (Male) |
| 26:14 | Encolar | Archer |
| 26:14 | Encolar | Archer |
| 26:37 | Encolar | Villager (Male) |
| 26:46 | Encolar | Villager (Male) |
| 26:50 | Construir | Town Center |
| 26:57 | Encolar | Villager (Male) |
| 27:02 | Encolar | Villager (Male) |
Build order — [LAK] GGenaroAoE
Primeras 150 de 269 acciones detectadas
| 0:03 | Encolar | Villager (Male) |
| 0:04 | Encolar | Villager (Male) |
| 0:04 | Encolar | Villager (Male) |
| 0:06 | Construir | House |
| 0:07 | Construir | House |
| 0:11 | Encolar | Villager (Male) |
| 0:11 | Encolar | Villager (Male) |
| 1:27 | Encolar | Villager (Male) |
| 2:05 | Encolar | Villager (Male) |
| 2:10 | Construir | Lumber Camp |
| 2:29 | Encolar | Villager (Male) |
| 2:57 | Encolar | Villager (Male) |
| 2:57 | Encolar | Villager (Male) |
| 3:31 | Construir | House |
| 3:32 | Construir | House |
| 3:57 | Encolar | Villager (Male) |
| 4:10 | Encolar | Villager (Male) |
| 4:28 | Encolar | Villager (Male) |
| 4:40 | Encolar | Villager (Male) |
| 4:52 | Encolar | Villager (Male) |
| 5:04 | Encolar | Villager (Male) |
| 5:13 | Encolar | Villager (Male) |
| 5:45 | Encolar | Villager (Male) |
| 5:45 | Encolar | Villager (Male) |
| 5:55 | Encolar | Villager (Male) |
| 5:56 | Encolar | Villager (Male) |
| 6:22 | Encolar | Villager (Male) |
| 6:22 | Encolar | Villager (Male) |
| 6:22 | Encolar | Villager (Male) |
| 7:02 | Construir | Mill |
| 7:30 | Encolar | Villager (Male) |
| 7:49 | Investigar | Loom |
| 8:27 | Investigar | Feudal Age |
| 8:38 | Construir | Mining Camp |
| 8:53 | Construir | Farm |
| 9:04 | Construir | House |
| 9:25 | Construir | House |
| 9:33 | Investigar | Loom |
| 9:34 | Encolar | Villager (Male) |
| 9:42 | Construir | Palisade Wall |
| 9:58 | Construir | Barracks |
| 10:07 | Construir | Palisade Gate |
| 10:09 | Construir | House |
| 10:19 | Encolar | Villager (Male) |
| 10:33 | Construir | House |
| 10:36 | Construir | House |
| 10:40 | Construir | Palisade Wall |
| 10:42 | Edad | Edad Feudal |
| 10:44 | Encolar | Villager (Male) |
| 10:46 | Encolar | Villager (Male) |
| 10:46 | Encolar | Villager (Male) |
| 10:54 | Construir | Palisade Gate |
| 10:58 | Encolar | Villager (Male) |
| 11:19 | Encolar | Villager (Male) |
| 11:27 | Encolar | Villager (Male) |
| 11:48 | Encolar | Villager (Male) |
| 12:13 | Encolar | Villager (Male) |
| 12:24 | Encolar | Villager (Male) |
| 12:46 | Encolar | Villager (Male) |
| 12:49 | Construir | Farm |
| 13:08 | Encolar | Villager (Male) |
| 13:19 | Construir | Palisade Wall |
| 13:21 | Encolar | Villager (Male) |
| 13:41 | Encolar | Villager (Male) |
| 14:07 | Construir | Watch Tower |
| 14:11 | Encolar | Villager (Male) |
| 14:13 | Encolar | Villager (Male) |
| 14:30 | Encolar | Villager (Male) |
| 14:53 | Encolar | Villager (Male) |
| 15:00 | Construir | Archery Range |
| 15:09 | Construir | Farm |
| 15:10 | Encolar | Villager (Male) |
| 15:27 | Encolar | Spearman |
| 15:30 | Encolar | Villager (Male) |
| 15:42 | Construir | Palisade Gate |
| 15:52 | Encolar | Archer |
| 15:52 | Encolar | Archer |
| 15:54 | Construir | Farm |
| 16:02 | Encolar | Villager (Male) |
| 16:10 | Encolar | Archer |
| 16:24 | Construir | Palisade Wall |
| 16:27 | Construir | Palisade Wall |
| 16:35 | Construir | Farm |
| 16:35 | Construir | Farm |
| 16:44 | Encolar | Villager (Male) |
| 16:54 | Construir | Farm |
| 17:06 | Encolar | Villager (Male) |
| 17:12 | Encolar | Villager (Male) |
| 17:18 | Encolar | Villager (Male) |
| 17:20 | Construir | Farm |
| 17:30 | Construir | Farm |
| 17:52 | Encolar | Villager (Male) |
| 17:54 | Construir | Farm |
| 17:57 | Construir | Farm |
| 17:58 | Construir | Farm |
| 19:01 | Encolar | Archer |
| 19:11 | Construir | House |
| 19:15 | Encolar | Villager (Male) |
| 19:19 | Construir | Blacksmith |
| 19:20 | Encolar | Villager (Male) |
| 19:28 | Encolar | Archer |
| 19:28 | Encolar | Archer |
| 19:32 | Construir | Archery Range |
| 19:54 | Investigar | Castle Age |
| 20:00 | Encolar | Archer |
| 20:00 | Encolar | Archer |
| 20:20 | Investigar | Fletching |
| 20:24 | Encolar | Spearman |
| 20:39 | Construir | Palisade Wall |
| 20:48 | Construir | Palisade Gate |
| 20:58 | Encolar | Archer |
| 20:58 | Encolar | Archer |
| 20:59 | Encolar | Archer |
| 21:08 | Encolar | Archer |
| 21:08 | Encolar | Archer |
| 21:13 | Construir | Farm |
| 21:26 | Investigar | Padded Archer Armor |
| 21:30 | Construir | House |
| 21:31 | Construir | House |
| 22:35 | Encolar | Villager (Male) |
| 22:45 | Edad | Edad de los Castillos |
| 22:46 | Investigar | Bodkin Arrow |
| 22:46 | Investigar | Bodkin Arrow |
| 22:53 | Construir | Siege Workshop |
| 22:58 | Investigar | Crossbowman (upgrade) |
| 23:07 | Encolar | Villager (Male) |
| 23:14 | Encolar | Villager (Male) |
| 23:23 | Construir | Town Center |
| 23:30 | Encolar | Villager (Male) |
| 23:37 | Encolar | Villager (Male) |
| 23:41 | Encolar | Mangonel |
| 23:49 | Encolar | Villager (Male) |
| 24:20 | Encolar | Villager (Male) |
| 24:23 | Encolar | Villager (Male) |
| 24:29 | Encolar | Villager (Male) |
| 24:40 | Encolar | Villager (Male) |
| 24:43 | Construir | University |
| 24:55 | Encolar | Villager (Male) |
| 24:59 | Encolar | Archer |
| 24:59 | Encolar | Archer |
| 24:59 | Encolar | Archer |
| 25:47 | Investigar | Ballistics |
| 26:03 | Encolar | Villager (Male) |
| 26:03 | Encolar | Villager (Male) |
| 26:05 | Construir | House |
| 26:06 | Construir | House |
| 26:09 | Encolar | Villager (Male) |
| 26:12 | Construir | Farm |
| 26:18 | Encolar | Mangonel |
| 26:38 | Encolar | Villager (Male) |
Cronología de la partida
| 5:36 | Soloarqueros · first_building Barracks |
| 8:35 | Soloarqueros · age_up feudal |
| 9:42 | [LAK] GGenaroAoE · wall_segment Palisade Wall x11 |
| 9:58 | [LAK] GGenaroAoE · first_building Barracks |
| 10:40 | [LAK] GGenaroAoE · wall_segment Palisade Wall x1 |
| 10:42 | [LAK] GGenaroAoE · age_up feudal |
| 11:58 | Soloarqueros · wall_segment Palisade Wall x1 |
| 11:59 | Soloarqueros · wall_segment Palisade Wall x1 |
| 12:17 | Soloarqueros · wall_segment Palisade Wall x1 |
| 13:19 | [LAK] GGenaroAoE · wall_segment Palisade Wall x1 |
| 15:00 | [LAK] GGenaroAoE · first_building Archery Range |
| 16:24 | [LAK] GGenaroAoE · wall_segment Palisade Wall x1 |
| 16:27 | [LAK] GGenaroAoE · wall_segment Palisade Wall x1 |
| 17:53 | Soloarqueros · first_building Archery Range |
| 18:58 | Soloarqueros · wall_segment Palisade Wall x1 |
| 20:21 | Soloarqueros · first_market_buy 100 wood |
| 20:39 | [LAK] GGenaroAoE · wall_segment Palisade Wall x1 |
| 22:45 | [LAK] GGenaroAoE · age_up castle |
| 22:46 | Soloarqueros · age_up castle |
| 22:51 | Soloarqueros · first_building Siege Workshop |
| 22:53 | [LAK] GGenaroAoE · first_building Siege Workshop |
| 23:24 | Soloarqueros · first_market_sell 100 wood |
| 26:41 | [LAK] GGenaroAoE · first_building Monastery |
| 33:50 | [LAK] GGenaroAoE · first_market_buy 100 food |
| 34:25 | Soloarqueros · first_building Castle |
| 35:50 | [LAK] GGenaroAoE · first_building Castle |
| 37:11 | [LAK] GGenaroAoE · age_up imperial |
| 37:19 | Soloarqueros · resign |
[ ANÁLISIS IA · 1 CRÉDITO ]
¿Qué pasó realmente en esta partida?
Wolo.gg analiza cada decisión: build order, eco, micro, errores típicos por bracket. Análisis personalizado por WhatsApp o Discord en 30 segundos.
Guía civ
Mongoles
Perfil
Jugador #22611492